 Dungeon Crawl Stone Soup version 0.30-a0-591-g3c58d2bc28 (webtiles) character file.

Game seed: 6744657773590677295

5720 wormed the Insei (level 10, 0/68 (82) HPs)
             Began as an Octopode Transmuter on Jan 5, 2023.
             Was an Initiate of Gozag.
             Slain by a wight
             ... wielding a +0 halberd
             ... summoned by an orange crystal statue
              (5 damage)
             ... on level 7 of the Dungeon.
             The game lasted 00:28:42 (13289 turns).

wormed the Insei (Octopode Transmuter)             Turns: 13289, Time: 00:28:42

HP:   0/68 (82)     AC:  8    Str: 10      XL:     10   Next: 76%
MP:   10/28         EV: 12    Int: 17 (26) God:    Gozag
Gold: 622           SH:  0    Dex: 12      Spells: 14/21 levels left

rFire   x . .      SeeInvis .      - Unarmed
rCold   + + +      Faith    .    (shield currently unavailable)
rNeg    . . .      Spirit   .    (helmet currently unavailable)
rPois   +          Reflect  .    z - amulet of magic regeneration
rElec   .          Harm     .    l - +4 ring of slaying
rCorr   .          Rampage  .    r - ring of magical power
Will    .....                    y - +6 ring of intelligence
Stlth   +                        (no ring)
HPRegen 0.31/turn                (no ring)
MPRegen 0.61/turn                (no ring)
                                 (no ring)
                                 (no ring)

@: ice-form, heavily drained
A: freezing attack, boosted hp, almost no armour, amphibious, 8 rings, large,
(camouflage 1), (gelatinous body 1), (nimble swimmer 1), (tentacles)
a: End Transformation, Renounce Religion, Potion Petition, Call Merchant, Bribe
Branch


You were on level 7 of the Dungeon.
You worshipped Gozag.
Gozag was pleased with you.
You were a creature of crystalline ice.
You visited 2 branches of the dungeon, and saw 10 of its levels.
You also visited: Bailey.

You collected 800 gold pieces.
You paid 178 gold pieces to Gozag.

Inventory:

Missiles
 u - 5 throwing nets (quivered)
 v - 3 datura-tipped darts
 D - 2 poisoned darts
Jewellery
 l - a +4 ring of slaying (left front paw)
 r - a ring of magical power (right front paw)
 y - a +6 ring of intelligence (on tentacle)
 z - an amulet of magic regeneration (around neck)
Scrolls
 f - 2 scrolls of vulnerability
 g - 4 scrolls of teleportation
 h - 2 scrolls of fear {unknown}
 i - 3 scrolls of magic mapping
 q - 2 scrolls of immolation
 t - 2 scrolls of fog
 w - a scroll of amnesia
 x - a scroll of poison
 A - a scroll of brand weapon
Potions
 a - 2 potions of lignification
 b - a potion of brilliance
 d - a potion of invisibility {unknown}
 j - 3 potions of might {unknown}
 k - a potion of cancellation {unknown}
 m - 3 potions of ambrosia {unknown}
 n - 4 potions of mutation {unknown}
 p - 2 potions of attraction {unknown}
 s - a potion of magic {unknown}


   Skills:
 + Level 6.6 Fighting
 + Level 7.0 Dodging
 + Level 7.3 Unarmed Combat
 + Level 6.4 Spellcasting
 + Level 7.0 Transmutations
 - Level 5.0 Ice Magic


You had 14 spell levels left.
You knew the following spells:

 Your Spells              Type           Power      Damage    Failure   Level
a - Ice Form              Ice/Tmut       25%        N/A       11%         4
b - Wereblood             Tmut           29%        N/A       1%          2
c - Beastly Appendage     Tmut           58%        N/A       1%          1

Your spell library contained the following spells:

 Spells                   Type           Power      Damage    Failure   Level
 Spider Form              Tmut/Pois      17%        N/A       9%          3
 Magic Dart               Conj           20%        1d4       12%         1
 Summon Small Mammal      Summ           20%        N/A       12%         1
 Ignite Poison            Fire/Tmut/Pois 13%        N/A       14%         3
 Call Imp                 Summ           5%         N/A       19%         2
 Cigotuvi's Dreadful Rot  Necr/Pois/Air  10%        N/A       19%         2
 Blade Hands              Tmut           14%        N/A       19%         5
 Call Canine Familiar     Summ           5%         N/A       36%         3
 Dazzling Flash           Conj/Hex       10%        N/A       36%         3
 Mephitic Cloud           Conj/Pois/Air  5%         N/A       36%         3
 Summon Guardian Golem    Hex/Summ       5%         N/A       36%         3
 Irradiate                Conj/Tmut      8%         3d14      63%         5
 Dispel Undead            Necr           5%         3d7       77%         4
 Passage of Golubria      Tloc           5%         N/A       77%         4
 Sticky Flame             Conj/Fire      5%         2d3       77%         4
 Agony                    Necr           5%         N/A       98%         5
 Silence                  Hex/Air        2%         N/A       98%         5
 Dragon Form              Tmut           14%        N/A       99%         7
 Death Channel            Necr           2%         N/A       100%        6
 Ignition                 Fire           2%         3d3       100%        8
 Lehudib's Crystal Spear  Conj/Erth      2%         10d2      100%        8


Dungeon Overview and Level Annotations

Branches:
Dungeon (9/15)             Temple (1/1) D:7          Bailey (visited)
   Lair: D:8-11         Orc: D:9-12

Altars:
Ashenzari
Cheibriados
Dithmenos
Elyvilon
Fedhas
Gozag
Hepliaklqana
Kikubaaqudgha
Makhleb
Nemelex Xobeh
Okawaru
Qazlal
Ru
Sif Muna
Trog
Uskayaw
Vehumet
Wu Jian
Xom
Yredelemnul
Zin
The Shining One

Shops:
D:5 *

Annotations:
D:7 exclusion: orange crystal statue


Innate Abilities, Weirdness & Mutations

You are a creature of crystalline ice.
You have a powerful freezing melee attack.
Your maximum health is increased.
Your armour is entirely melded.
You are incapable of wielding weapons or throwing items.
You cannot wear most types of armour.
You are amphibious.
You can wear up to eight rings at the same time.
((Your skin changes colour to match your surroundings (Stealth+).))
((Your rubbery body absorbs attacks. (AC +1, EV +1)))
((You are camouflaged when in or above water. (Stealth+)))
((You have tentacles for arms and can constrict up to eight enemies at once.))


Message History

The sky beast barely misses you. The ice beast hits you.
The ice beast freezes you. You resist.
You punch the orange crystal statue!
The orange crystal statue is severely damaged.
The wight completely misses you.
The wight hits you from afar with a +4 halberd of freezing!
You feel drained.
* * * LOW HITPOINT WARNING * * *
The steam dragon barely misses you. The steam dragon closely misses you.
The sky beast hits you but does no damage.
The ice beast hits you but does no damage.
You feel better.
The wight splashes around in the water. x2
The steam dragon bites you!
* * * LOW HITPOINT WARNING * * *
The steam dragon closely misses you. The sky beast completely misses you.
The ice beast hits you but does no damage.
You feel better. The wight misses you.
The wight hits you from afar with a +4 halberd of freezing.
You feel drained.
The orange crystal statue glitters topaz in the dim dungeon light.
The steam dragon bites you.
* * * LOW HITPOINT WARNING * * *
The steam dragon barely misses you. The sky beast barely misses you.
The ice beast closely misses you.
You feel better.
The wight splashes around in the water.
The wight hits you from afar with a +4 halberd of freezing.
You feel drained.
The orange crystal statue glitters topaz in the dim dungeon light.
The steam dragon bites you.
* * * LOW HITPOINT WARNING * * *
The steam dragon misses you.
The sky beast hits you but does no damage.
The ice beast hits you but does no damage.
You hit the orange crystal statue.
The orange crystal statue is severely damaged.
The wight hits you from afar with a +0 halberd!
* * * LOW HITPOINT WARNING * * *
You feel drained.
You die...
Your body crumbles into a pile of gold.

######
####
#....#
#==#
#....#
#=z####
#....#
#:zz#8#
#....#
#≈≈≈DY##
#....#
##≈zYY≈##
#....#
##≈≈≈≈≈#
#....#
###≈≈≈##
#....#
##≈≈≈#
#....#
#≈≈≈##
##....#
##≈≈≈#
#.....#
#≈≈≈#
#.....#
##≈≈≈#


You could see an orange crystal statue, a steam dragon (summoned), an ice beast
(summoned), a sky beast (summoned) and 4 wights.

Vanquished Creatures
  Pikel (D:6)
  Maggie (D:8)
  Sigmund (D:2)
  A wyvern (D:7)
  A steam dragon (D:8)
  A sky beast (D:7)
  2 black bears (D:5)
  2 ice beasts (D:5)
  4 wolves (Bailey)
  3 centaurs
  A phantom (D:5)
  2 kobold brigands
  4 bullfrogs
  3 scorpions
  7 gnoll sergeants
  5 wights
  15 killer bees
  4 electric eels (D:7)
  4 hounds
  A jelly (D:6)
  3 orc priests
  5 gnoll boudas
  2 iguanas
  5 orc wizards
  31 gnolls
  A river rat (D:3)
  9 adders
  2 shadow imps
  A white imp (D:5)
  2 ufetubi (D:5)
  A worm (D:3)
  3 dart slugs
  25 orcs
  12 ball pythons
  8 endoplasms
  6 giant cockroaches
  7 hobgoblins
  14 jackals
  15 kobolds
  4 quokkas
  4 bats
  3 frilled lizards
  10 goblins
  6 rats
242 creatures vanquished.

Vanquished Creatures (collateral kills)
  3 gnoll sergeants (Bailey)
  2 gnoll boudas (Bailey)
  3 gnolls (Bailey)
8 creatures vanquished.

Vanquished Creatures (others)
  An orc wizard (D:5)
  4 withered plants (D:2)
5 creatures vanquished.

Grand Total: 255 creatures vanquished

Notes
Turn   | Place    | Note
-------+----------+-------------------------------------------
     0 | D:1      | wormed the Octopode Transmuter began the quest for the Orb.
     0 | D:1      | Reached XP level 1. HP: 13/13 MP: 3/3
    99 | D:1      | Reached XP level 2. HP: 16/18 MP: 3/5
   106 | D:1      | Learned a level 2 spell: Wereblood
   352 | D:1      | Reached XP level 3. HP: 23/23 MP: 4/6
   522 | D:1      | Reached skill level 1 in Ice Magic
  1292 | D:2      | Noticed Sigmund
  1295 | D:2      | Reached XP level 4. HP: 28/28 MP: 3/7
  1351 | D:1      | Learned a level 4 spell: Ice Form
  1758 | D:2      | Found a faded altar of an unknown god.
  1924 | D:3      | Reached XP level 5. HP: 28/34 MP: 5/8
  2202 | D:3      | Found a burning altar of Makhleb.
  3101 | D:3      | Reached XP level 6. HP: 25/41 MP: 10/10
  4171 | D:5      | Entered Level 5 of the Dungeon
  4237 | D:5      | Reached XP level 7. HP: 35/45 MP: 11/11
  4741 | D:5      | Found Sepoci's General Store.
  4762 | D:5      | Reached XP level 8. HP: 39/52 MP: 13/13
  5529 | D:5      | Reached skill level 5 in Unarmed Combat
  6407 | D:6      | Noticed Pikel
  6425 | D:6      | Killed Pikel
  6426 | D:6      | Reached skill level 5 in Dodging
  6426 | D:6      | Reached skill level 5 in Transmutations
  6426 | D:6      | Reached XP level 9. HP: 56/59 MP: 14/16
  6727 | D:7      | Found a flagged portal.
  6737 | D:7      | Reached skill level 5 in Spellcasting
  6738 | D:7      | Reached skill level 5 in Fighting
  6796 | Bailey   | Entered a bailey
  6816 | Bailey   | Reached skill level 5 in Ice Magic
  8679 | Bailey   | Reached XP level 10. HP: 53/68 MP: 18/18
  9134 | D:7      | Found a staircase to the Ecumenical Temple.
  9641 | Temple   | Entered the Ecumenical Temple
 10069 | Temple   | Became a worshipper of Gozag Ym Sagoz the Greedy
 10202 | D:8      | Noticed Maggie
 10363 | D:8      | Killed Maggie
 10681 | D:8      | Identified the +7 mace of the Thoughtful Tables {heavy,
                  | *Corrode Str+3 Dex+3}
 11057 | D:9      | Noticed a two-headed ogre
 11282 | D:2      | Killed Sigmund
 12222 | D:7      | Noticed an orange crystal statue
 12505 | D:7      | Identified the ring "Sih Uvuysa" {rPois MP+9 Str+3}
 13289 | D:7      | Slain by a wight

Illustrated notes

Levels and vault maps discovered:
D:1:      scummos_arrival_hexagon, layout_basic
D:2:      layout_loops_ring, ebering_ecumenical_altar_petrified,
          minmay_worlds_worst_comb, uniq_sigmund
D:3:      layout_basic, mainiacjoe_overflow_small_starburst,
          gup_sewer_entry_spiral
D:4:      layout_basic
D:5:      layout_cave_pods, serial_shops, nicolae_shop_waterfront
D:6:      layout_loops_cross, kennysheep_small_circle, uniq_pikel
D:7:      statuecave_lemuel, layout_basic, minmay_temple_entry_crystal_x,
          enter_bailey_2
D:8:      layout_rooms, uniq_maggie
D:9:      layout_basic, david_lair_shrubbed, serial_shops,
          nicolae_shop_overgrown_old_shop
Temple:   mainiacjoe_temple_circle_huts

Skill      XL: |  1  2  3  4  5  6  7  8  9 10 |
---------------+-------------------------------+-----
Ice Magic      | 1 2 3 4 5 |  5.0
Fighting       | 2 3 4 5 6 |  6.6
Dodging        | 3 4 5 6 7 |  7.0
Transmutations | 3 5 6 7 |  7.0
Spellcasting   | 3 4 5 6 |  6.4
Unarmed Combat | 4 5 6 7 |  7.3

Action                   |  1- 3 |  4- 6 |  7- 9 | 10-12 || total
-------------------------+-------+-------+-------+-------++-------
Melee: Unarmed           |    69 |   125 |   260 |   275 ||   729
       Constrict         |    17 |    22 |       |       ||    39
       Kick              |    16 |    25 |       |       ||    41
       Tentacles         |    12 |     7 |       |    29 ||    48
       Punch             |       |     4 |       |     7 ||    11
Throw: Dart              |       |       |     9 |     5 ||    14
       Throwing net      |       |       |       |     2 ||     2
 Cast: Beastly Appendage |    17 |    27 |       |       ||    44
       Wereblood         |    10 |    20 |    23 |    18 ||    71
       Ice Form          |       |    11 |    43 |    29 ||    83
 Abil: End Transformatio |       |       |     3 |       ||     3
Evoke: Wand              |       |       |       |     8 ||     8
  Use: Scroll            |       |     5 |     5 |     4 ||    14
       Potion            |       |       |       |    10 ||    10
 Stab: Sleeping          |     4 |     3 |       |       ||     7
Armor: Skin              |     4 |    16 |    85 |   100 ||   205
Dodge: Dodged            |    47 |    65 |   171 |   217 ||   500

Table legend: (Time is in decaauts)
 A = Elapsed time spent in this place.
 B = Non-inter-level travel time spent in this place.
 C = Inter-level travel time spent in this place.
 D = Time resting spent in this place.
 E = Time spent auto-exploring this place.
 F = Levels seen in this place.
 G = Mean time per level.
                   A        B        C        D        E       F      G
               +--------+--------+--------+--------+--------+-----+--------+
         Total |  13164 |  12664 |    500 |    954 |   8682 |  11 | 1196.7 |
       Dungeon |  10609 |  10126 |    483 |    426 |   7470 |   9 | 1178.8 |
        Temple |    438 |    421 |     17 |      0 |    314 |   1 |  438.0 |
        Bailey |   2117 |   2117 |      0 |    528 |    898 |   1 | 2117.0 |
               +--------+--------+--------+--------+--------+-----+--------+

Top non-repeatable levels by time:
     D:7: 2611 daAuts
  Bailey: 2117 daAuts
     D:5: 1627 daAuts
     D:3: 1317 daAuts
     D:1: 1146 daAuts
     D:4: 1076 daAuts
     D:2: 1037 daAuts
     D:8: 851 daAuts
     D:6: 820 daAuts
  Temple: 438 daAuts
     D:9: 122 daAuts
